 Dungeon Crawl Stone Soup version 0.23.2-11-gf996548 (webtiles) character file.

Game seed: 4182086915138808060

42 Fang the Skirmisher (level 3, 0/24 HPs)
             Began as a Gargoyle Berserker on June 3, 2019.
             Was a Follower of Trog.
             Slain by a leopard gecko (1 damage)
             ... on level 2 of the Dungeon.
             The game lasted 00:00:46 (1338 turns).

Fang the Skirmisher (Gargoyle Berserker)            Turns: 1338, Time: 00:00:47

Health: 0/24       AC:  5    Str: 21    XL:     3   Next: 54%
Magic:  3/3        EV: 12    Int:  7    God:    Trog [*.....]
Gold:   28         SH:  0    Dex:  9    Spells: 2/2 levels left

rFire    . . .     SeeInvis .   a - +0 war axe (curse)
rCold    . . .     Gourm    .   (no shield)
rNeg     + . .     Faith    .   b - +0 animal skin
rPois    ∞         Spirit   .   (no helmet)
rElec    +         Reflect  .   (no cloak)
rCorr    .         Harm     .   (no gloves)
MR       .....                  (no boots)
Stlth    +.........             (no amulet)
HPRegen  0.08/turn              (no ring)
MPRegen  0.08/turn              (no ring)

@: no status effects
A: negative energy resistance 1, electricity resistance, unbreathing,
petrification resistance, rot immunity, AC +3
a: Berserk, Renounce Religion


You were on level 2 of the Dungeon.
You worshipped Trog.
Trog was aware of your devotion.
You were near starving.

You visited 1 branch of the dungeon, and saw 2 of its levels.

You collected 28 gold pieces.

Inventory:

Hand Weapons
 a - a cursed +0 war axe (weapon)
Armour
 b - a +0 animal skin (worn)
Jewellery
 f - an uncursed ring of fire {unknown}
Scrolls
 g - a scroll of noise {unknown}
 h - a scroll of identify {unknown}
 k - a scroll of fog {unknown}
 l - a scroll of teleportation {unknown}
 m - a scroll of immolation {unknown}
Potions
 d - a potion of degeneration {unknown}
 e - 2 potions of curing {unknown}
 i - a potion of berserk rage {unknown}
 j - a potion of heal wounds {unknown}
Comestibles
 c - 2 rations


   Skills:
 + Level 3.7 Fighting
 + Level 3.1 Axes
 + Level 2.8 Armour
 + Level 2.0 Dodging


You had 2 spell levels left.
You didn't know any spells.
Your spell library was empty.

Dungeon Overview and Level Annotations

Branches:
Dungeon (2/15)

Altars:


Innate Abilities, Weirdness & Mutations

You are resistant to torment.
Your stone body is resilient. (AC +3)
You are immune to poison.
You resist negative energy. (rN+)
You are resistant to electric shocks. (rElec)
You can survive without breathing.
You are immune to petrification.
You are immune to rotting.


Message History

The leopard gecko is lightly wounded.
The leopard gecko closely misses you. x2
You closely miss the leopard gecko.
The leopard gecko is lightly wounded.
You are near starving!
The leopard gecko closely misses you.
You closely miss the leopard gecko.
The leopard gecko is lightly wounded.
The leopard gecko barely misses you.
The leopard gecko bites you but does no damage.
You miss the leopard gecko.
The leopard gecko is lightly wounded.
The leopard gecko bites you.
* * * LOW HITPOINT WARNING * * *
The leopard gecko bites you.
* * * LOW HITPOINT WARNING * * *
You barely miss the leopard gecko.
The leopard gecko is lightly wounded.
The leopard gecko bites you.
You die...

.............#
#............#
#............#
#.......$....#
#............#
#............#
#............#
#....l@......#
#........)...#
#####.....####
#.....# #
#.....#
#.#.....##
#........#
#........#
#........#


You could see a leopard gecko.

Vanquished Creatures
  A gnoll (D:1)
  An adder (D:2)
  A leopard gecko (D:1)
  A giant cockroach (D:1)
  3 hobgoblins (D:1)
  5 jackals (D:1)
  3 bats (D:1)
  A frilled lizard (D:2)
  A goblin (D:1)
  A kobold (D:1)
  4 rats
22 creatures vanquished.

Notes
Turn   | Place    | Note
-------+----------+-------------------------------------------
     0 | D:1      | Fang the Gargoyle Berserker began the quest for the Orb.
     0 | D:1      | Reached XP level 1. HP: 14/14 MP: 1/1
    28 | D:1      | Reached XP level 2. HP: 15/19 MP: 2/2
   452 | D:1      | Reached XP level 3. HP: 23/23 MP: 3/3
  1337 | D:2      | HP: 1/24 [leopard gecko (4)]
  1338 | D:2      | Slain by a leopard gecko

Skill      XL: |  1  2  3 |
---------------+----------+-----
Axes           | 3 |  3.1
Dodging        | 2 |  2.0
Fighting       | |  3.7
Armour         | |  2.8

Action                   || total
-------------------------++-------
Melee: Hand axe          ||    75
       War axe           ||     9
Invok: Berserk           ||     2
  Eat: Chunk             ||     2
Armor: Animal skin       ||    29
Dodge: Dodged            ||    69
